 Dungeon Crawl Stone Soup version 0.19.4-9-g45fd643 (webtiles) character file.

56 Mesmaeker13 the Ducker (level 3, 0/29 HPs)
             Began as a Demonspawn Gladiator on Feb 17, 2017.
             Slain by Sigmund
             ... wielding a +1 scythe of protection
              (4 damage)
             ... on level 2 of the Dungeon.
             The game lasted 00:03:49 (1174 turns).

Mesmaeker13 the Ducker (Demonspawn Gladiator)       Turns: 1174, Time: 00:03:49

Health: 0/29       AC:  6    Str: 16    XL:     3   Next: 71%
Magic:  12/12      EV: 12    Int: 11    God:
Gold:   77         SH:  0    Dex: 13    Spells: 0 memorised, 2 levels left

rFire  . . .     SeeInvis .     a - +0 trident
rCold  . . .     Gourm    .     n - +0 ring mail
rNeg   . . .     Faith    .     (no shield)
rPois  .         Spirit   .     c - +0 helmet
rElec  .         Reflect  .     (no cloak)
rCorr  .         Harm     .     (no gloves)
MR     .....                    (no boots)
Stlth  +.........               (no amulet)
                                r - ring of magical power
                                i - +2 ring of intelligence

@: no status effects
A: powered by pain 2
a: no special abilities


You were on level 2 of the Dungeon.
You were not hungry.

You visited 1 branch of the dungeon, and saw 2 of its levels.

You collected 77 gold pieces.

Inventory:

Hand Weapons
 a - a +0 trident (weapon)
Armour
 c - a +0 helmet (worn)
 n - a +0 ring mail (worn)
Jewellery
 i - a +2 ring of intelligence (left hand)
 r - a ring of magical power (right hand)
Scrolls
 g - 2 scrolls of identify {unknown}
 j - a scroll of immolation {unknown}
 k - a scroll of fog
 o - 2 scrolls of teleportation {unknown}
 q - 3 scrolls of remove curse
Potions
 e - a potion of degeneration {unknown}
 h - a potion of invisibility {unknown}
 l - a potion of heal wounds {unknown}
 p - a potion of magic {unknown}
 s - a potion of curing {unknown}
Comestibles
 b - 4 chunks of flesh
 f - 2 bread rations
 m - 2 fruits


   Skills:
 + Level 3.0 Fighting
 + Level 3.1 Polearms
 - Level 1.7 Throwing
 + Level 3.2 Dodging


You had 2 spell levels left.
You didn't know any spells.

Dungeon Overview and Level Annotations

Branches:
Dungeon (2/15)

Altars:

Annotations:
D:2 Sigmund


Innate Abilities, Weirdness & Mutations

You sometimes gain power by taking damage.


Message History

Sigmund casts a spell at you. You resist with significant effort.
You bump into the rock wall.
You feel less confused.
Sigmund casts a spell.
Sigmund flickers and vanishes!
Deactivating autopickup; reactivate with Ctrl-A.
No target in view!
No target in view!
You miss something. Something hits you.
You closely miss something. You hit something but do no damage.
Something hits you!
* * * LOW HITPOINT WARNING * * *
You miss something.
You hear some strange, mumbled words.
A magic dart appears from out of thin air!
The magic dart hits you!
* * * LOW HITPOINT WARNING * * *
You barely miss something. Something hits you.
You die...

#.#.# #...#
##..#
######..####
#..........#
#..........#
####..........#
#.............#
#....{@.......#
#....######...#
#.... #รท..#
#..(. #...#
#####
###...######
#..........#
#.....(....#
#..........#
#..........#


There were no monsters in sight!

Vanquished Creatures
  2 adders (D:2)
  A worm (D:2)
  A dart slug (D:1)
  2 leopard geckos
  2 giant cockroaches
  4 goblins
  2 hobgoblins (D:1)
  4 jackals (D:1)
  2 bats
  A frilled lizard (D:1)
  4 kobolds
  7 rats (D:1)
32 creatures vanquished.

Notes
Turn   | Place    | Note
-------+----------+-------------------------------------------
     0 | D:1      | Mesmaeker13 the Demonspawn Gladiator began the quest for the Orb.
     0 | D:1      | Reached XP level 1. HP: 16/16 MP: 1/1
   105 | D:1      | Gained mutation: You sometimes gain a little power by taking damage. [demonic ancestry]
   105 | D:1      | Reached XP level 2. HP: 3/22 MP: 2/2
   858 | D:2      | Gained mutation: You sometimes gain power by taking damage. [demonic ancestry]
   858 | D:2      | Reached XP level 3. HP: 28/28 MP: 3/3
  1150 | D:2      | Noticed Sigmund
  1174 | D:2      | Slain by Sigmund

Skill      XL: |  1  2  3 |
---------------+----------+-----
Dodging        | 3 |  3.2
Polearms       | 3 |  3.1
Fighting       | 3 |  3.0
Throwing       | |  1.7

Action                   || total
-------------------------++-------
Melee: Trident           ||   150
Throw: Throwing net      ||     8
  Use: Scroll            ||     2
 Stab: Held in net/web   ||     1
  Eat: Chunk             ||     1
Armor: Leather armour    ||    19
       Ring mail         ||    21
Dodge: Dodged            ||    78
